 Dungeon Crawl Stone Soup version 0.29.1-4-g47bece8355 (webtiles) character file.

Game seed: 11316731328173778623

13460 ChadusMaximus the Summoner (level 11, 0/66 HPs)
             Began as a Deep Elf Summoner on Dec 5, 2022.
             Was an Initiate of Yredelemnul.
             Slain by a killer bee (4 damage)
             ... on level 10 of the Dungeon.
             The game lasted 00:37:18 (14849 turns).

ChadusMaximus the Summoner (Deep Elf Summoner)     Turns: 14849, Time: 00:37:18

Health: 0/66       AC:  8    Str:  5    XL:     11   Next: 75%
Magic:  23/28      EV: 15    Int: 25    God:    Yredelemnul [......]
Gold:   606        SH:  8    Dex: 15    Spells: 16/33 levels left

rFire   . . .      SeeInvis .   L - +3 spear
rCold   . . .      Faith    .   E - +0 buckler
rNeg    . . .      Spirit   .   F - +0 leather armour
rPois   .          Reflect  +   (no helmet)
rElec   .          Harm     .   I - scarf {+Inv}
rCorr   .          Rampage  .   p - +0 pair of gloves
Will    +....                   (no boots)
Stlth   ++........              y - amulet of reflection
HPRegen 0.21/turn               u - +4 ring of protection
MPRegen 0.21/turn               D - ring of flight

@: flying
A: no striking features
a: Renounce Religion, Evoke Invisibility, Recall Undead Harvest


You were on level 10 of the Dungeon.
You worshipped Yredelemnul.
Yredelemnul was noncommittal.
You visited 1 branch of the dungeon, and saw 11 of its levels.
You also visited: Bailey.

You collected 606 gold pieces.

Inventory:

Hand Weapons
 L - a +3 spear (weapon)
 P - a +1 sling of flaming
Armour
 a - the +3 plate armour of Ygrijich {*Slow rCorr Str+3 Slay+3}
   (You found it on level 7 of the Dungeon)

   Str:       It affects your strength (+3).
   Slay:      It affects your accuracy & damage with ranged weapons and melee
   (+3).
   rCorr:     It protects you from acid and corrosion.
   *Slow:     It may slow you when you take damage.
 p - a +0 pair of gloves (worn)
 E - a +0 buckler (worn)
 F - a +0 leather armour (worn)
 I - a scarf of invisibility (worn)
Magical Staves
 s - a staff of air
Jewellery
 u - a +4 ring of protection (left hand)
 y - an amulet of reflection (around neck)
 D - a ring of flight (right hand)
 G - a ring of positive energy
 R - a ring of willpower
Wands
 N - a wand of mindburst (32)
 Q - a wand of iceblast (6)
Scrolls
 c - 2 scrolls of vulnerability
 d - 5 scrolls of teleportation
 g - a scroll of blinking
 i - 2 scrolls of fog
 j - 2 scrolls of poison
 l - 2 scrolls of noise
 n - a scroll of torment
 o - a scroll of amnesia {unknown}
 q - a scroll of enchant armour {unknown}
 t - a scroll of enchant weapon {unknown}
 x - 3 scrolls of brand weapon
 B - a scroll of summoning {unknown}
 C - a scroll of acquirement {unknown}
Potions
 b - 2 potions of magic
 e - 3 potions of heal wounds
 f - a potion of experience {unknown}
 h - 2 potions of degeneration {unknown}
 k - 4 potions of brilliance
 m - 5 potions of mutation {unknown}
 r - 5 potions of might
 v - 3 potions of attraction {unknown}
 w - 5 potions of resistance
 z - 3 potions of flight {unknown}
 A - a potion of cancellation {unknown}
 K - 3 potions of haste
 M - a potion of ambrosia {unknown}


   Skills:
 * Level 6.6 Fighting
 * Level 10.2 Dodging
 - Level 3.0 Stealth
 + Level 11.9 Spellcasting
 * Level 14.1 Summonings


You had 16 spell levels left.
You knew the following spells:

 Your Spells              Type           Power      Damage    Failure   Level
a - Summon Small Mammal   Summ           100%       N/A       1%          1
b - Call Canine Familiar  Summ           71%        N/A       1%          3
c - Call Imp              Summ           71%        N/A       1%          2
d - Summon Lightning Spi  Summ/Air       50%        N/A       4%          4
e - Summon Guardian Gole  Hex/Summ       50%        N/A       1%          3
f - Slow                  Hex            56%        N/A       10%         1
g - Confusing Touch       Hex            14%        N/A       28%         3

Your spell library contained the following spells:

 Spells                   Type           Power      Damage    Failure   Level
 Animate Armour           Summ/Erth      100%       N/A       4%          4
 Stone Arrow              Conj/Erth      28%        3d8       28%         3
 Vampiric Draining        Necr           14%        2d7       28%         3
 Alistair's Intoxication  Tmut/Pois      9%         N/A       95%         5
 Borgnjor's Vile Clutch   Necr/Erth      7%         N/A       95%         5
 Eringya's Noxious Bog    Tmut/Pois      7%         N/A       100%        6
 Lehudib's Crystal Spear  Conj/Erth      7%         10d3      100%        8


Dungeon Overview and Level Annotations

Branches:
Dungeon (11/15)            Temple (0/1) D:4            Lair (0/5) D:11
 Bailey (visited)
    Orc: D:9-12

Altars:
Cheibriados
Elyvilon
Kikubaaqudgha
Makhleb
Nemelex Xobeh
Okawaru
Sif Muna
Trog
Wu Jian
Yredelemnul
Zin
The Shining One

Shops:
D:6 *   D:7 *   D:8 [   D:9 :   D:10 *

Portals:
Abyss: D:7
Trove: D:11 (give 20 potions of curing)

Annotations:
D:7 2 transporters, ymhsbmbesitwf's ghost, novice MiGl
D:8 2 transporters, ripuliukko's ghost, novice GrEE
D:10 2 transporters, exclusion: orange crystal statue, Xenoroth98's ghost, novice HOMo


Message History

Your quokka completely misses the killer bee.
Your warg bites the killer bee!
The killer bee dies!
The dead are flying!
You block the killer bee's attack. The killer bee stings you.
* * * LOW HITPOINT WARNING * * *
You feel sick. The killer bee closely misses you.
The killer bee stings you but does no damage.
Your warg misses the killer bee.
The killer bee attacks as you move away!
The killer bee barely misses you.
You feel sick. The killer bee completely misses you.
Your warg completely misses the killer bee.
The killer bee stings you.
* * * LOW HITPOINT WARNING * * *
You block the killer bee's attack.
You feel sick.
Your killer bee zombie misses the killer bee.
You block the killer bee's attack. The killer bee barely misses you.
The killer bee attacks as you move away!
The killer bee stings you.
* * * LOW HITPOINT WARNING * * *
You feel sick.
You are no longer poisoned.
Your warg closely misses the killer bee.
Your killer bee zombie barely misses the killer bee.
The killer bee stings you.
* * * LOW HITPOINT WARNING * * *
The killer bee stings you but does no damage.
Your warg closely misses the killer bee.
Your quokka completely misses the killer bee.
The killer bee closely misses you. The killer bee barely misses you.
Your quokka barely misses the killer bee.
Your killer bee zombie hits the killer bee.
The killer bee attacks as you move away!
The killer bee stings you.
* * * LOW HITPOINT WARNING * * *
You block the killer bee's attack. The killer bee stings you.
You die...
Your body rises from the dead as a mindless zombie.

#......#...#.# #.
#......#...#.# ##.
#......#...#.# #..
#......#...#.# #..
#.....)#...#.#######..
#.(.r..#...'..........
#####>...hZ#...#..........
#.....(..yy#...#..........
#....(8).@.#...#..........
#..........#####...#####..
#.................[#...#..
#..................#...#..
#..........#######.#...#..
#..........# #.#'#+#..
#..........# #<.......
#........### ###........
#........# #..........


You could see 2 killer bees, a friendly warg (summoned), a friendly lightning
spire (summoned), a friendly killer bee zombie and a friendly quokka (summoned).

Vanquished Creatures
  A water moccasin (D:6)
  A hound (D:5)
  A white imp (D:7)
  2 ufetubi
  2 orcs
  2 goblins (D:3)
  A bat (D:3)
  A frilled lizard (D:3)
  2 kobolds
  2 rats
15 creatures vanquished.

Vanquished Creatures (collateral kills)
  A two-headed ogre (D:11)
  Sonja (D:10)
  An orc knight (Bailey)
  An ugly thing (D:9)
  Maurice (D:10)
  Joseph (D:8)
  A komodo dragon (D:10)
  A queen bee (D:10)
  4 trolls
  A hornet (D:10)
  Prince Ribbit (D:6)
  5 wraiths
  Eustachio (D:6)
  2 shadows
  A vampire (D:5)
  A wyvern (D:8)
  2 steam dragons
  Menkaure (D:7)
  An acid dragon (D:8)
  3 water moccasins
  5 black bears
  An ice beast (D:5)
  A sky beast (D:5)
  An orc warrior (D:6)
  4 ogres
  4 centaurs
  A phantom (D:5)
  A kobold brigand (D:10)
  3 bullfrogs
  A necrophage (D:5)
  2 gnoll sergeants
  4 scorpions
  15 wights
  22 killer bees
  7 howler monkeys
  A jelly (D:5)
  2 gnoll boudas (D:10)
  3 orc priests (D:6)
  6 iguanas
  11 orc wizards
  30 gnolls
  8 adders
  2 ufetubi
  4 worms
  2 dart slugs
  48 orcs
  2 endoplasms
  5 giant cockroaches
  A gnoll zombie (D:10)
  2 goblins
  7 hobgoblins
  6 jackals
  12 kobolds
  A quokka (D:1)
  A ball python (D:1)
  3 bats
  A frilled lizard (D:3)
  An orc zombie (D:9)
  2 rats
264 creatures vanquished.

Vanquished Creatures (others)
  Josephine (D:10)
  The ghost of Deveroux the Mender, a novice VSFi of Elyvilon (D:6)
  A troll (D:11)
  A wraith (D:10)
  A hornet zombie (D:10)
  A wyvern zombie (D:8)
  4 troll zombies
  A bullfrog zombie (D:9)
  2 centaur zombies
  A black bear zombie (D:6)
  2 scorpion zombies (D:6)
  8 killer bee zombies
  An ogre zombie (D:7)
  3 howler monkey zombies
  2 human zombies
  A steam dragon zombie (D:8)
  An adder zombie (D:5)
  2 iguana zombies (D:5)
  15 gnoll zombies
  A dart slug zombie (D:4)
  2 jackal zombies (D:5)
  3 kobold zombies (D:10)
  23 orc zombies
  12 plants
90 creatures vanquished.

Grand Total: 369 creatures vanquished

Notes
Turn   | Place    | Note
-------+----------+-------------------------------------------
     0 | D:1      | ChadusMaximus the Deep Elf Summoner began the quest for the
                  | Orb.
     0 | D:1      | Reached XP level 1. HP: 10/10 MP: 6/6
   447 | D:1      | Found a faded altar of an unknown god.
   605 | D:1      | You fall into a shaft and drop 1 floor!
   639 | D:2      | Reached XP level 2. HP: 13/15 MP: 4/8
   795 | D:2      | Reached XP level 3. HP: 19/19 MP: 7/10
   865 | D:2      | Learned a level 3 spell: Call Canine Familiar
   868 | D:2      | Learned a level 2 spell: Call Imp
  1997 | D:3      | Reached skill level 5 in Summonings
  2793 | D:3      | Reached XP level 4. HP: 24/24 MP: 12/12
  2797 | D:3      | Found a basalt altar of Yredelemnul.
  2815 | D:3      | Became a worshipper of Yredelemnul the Dark
  2855 | D:3      | Found a glowing silver altar of Zin.
  2855 | D:3      | Found a white marble altar of Elyvilon.
  2855 | D:3      | Found an ornate altar of the Wu Jian Council.
  2855 | D:3      | Found a glowing golden altar of the Shining One.
  2857 | D:3      | Found a bloodstained altar of Trog.
  2858 | D:3      | Found a burning altar of Makhleb.
  2859 | D:3      | Found a shimmering blue altar of Sif Muna.
  2861 | D:3      | Found an ancient bone altar of Kikubaaqudgha.
  3326 | D:4      | Noticed a scorpion
  3364 | D:4      | Killed a scorpion
  3365 | D:4      | Reached skill level 6 in Summonings
  3365 | D:4      | Reached XP level 5. HP: 23/28 MP: 4/14
  3589 | D:4      | Reached skill level 5 in Spellcasting
  3895 | D:4      | Found a staircase to the Ecumenical Temple.
  4191 | D:4      | Learned a level 4 spell: Summon Lightning Spire
  4195 | D:4      | Learned a level 3 spell: Summon Guardian Golem
  4207 | D:5      | Entered Level 5 of the Dungeon
  4245 | D:5      | Reached XP level 6. HP: 30/32 MP: 8/16
  4303 | D:5      | Reached skill level 7 in Summonings
  4534 | D:5      | Reached * piety under Yredelemnul
  4543 | D:5      | Noticed an ice beast
  4563 | D:5      | Killed an ice beast
  4564 | D:5      | Reached XP level 7. HP: 36/36 MP: 15/18
  4779 | D:5      | Noticed a wraith
  4791 | D:5      | Reached skill level 8 in Summonings
  5186 | D:5      | Killed a wraith
  5367 | D:5      | Noticed a vampire
  5374 | D:5      | Reached skill level 9 in Summonings
  5397 | D:5      | Killed a vampire
  5398 | D:5      | Reached XP level 8. HP: 41/41 MP: 8/21
  5822 | D:5      | Reached skill level 10 in Summonings
  6431 | D:6      | Learned a level 1 spell: Slow
  6686 | D:6      | Reached skill level 11 in Summonings
  6999 | D:6      | Reached XP level 9. HP: 44/45 MP: 20/24
  7166 | D:6      | Reached ** piety under Yredelemnul
  7168 | D:6      | Reached skill level 1 in Fighting
  7186 | D:6      | Found Fuofao Ytas's General Store.
  7285 | D:6      | Found a runed translucent gate.
  7286 | D:6      | Found a runed translucent gate.
  7286 | D:6      | Noticed Deveroux's ghost (novice VSFi)
  7287 | D:6      | Found a runed translucent gate.
  7352 | D:6      | Noticed Eustachio
  7363 | D:6      | Killed Eustachio
  7371 | D:6      | Noticed Prince Ribbit
  7394 | D:6      | Killed Prince Ribbit
  7591 | D:6      | Reached *** piety under Yredelemnul
  7595 | D:6      | Killed Deveroux's ghost
  7596 | D:6      | Reached skill level 5 in Dodging
  7606 | D:6      | Your ally Eustachio died
  7612 | D:6      | Reached skill level 10 in Spellcasting
  7665 | D:7      | Found Ocoadopsu's General Store.
  7670 | D:7      | Reached skill level 12 in Summonings
  7904 | D:7      | Noticed Menkaure
  7912 | D:7      | Killed Menkaure
  7913 | D:7      | Reached XP level 10. HP: 31/56 MP: 14/26
  8081 | D:7      | Identified the +3 plate armour of Ygrijich {*Slow rCorr
                  | Str+3 Slay+3}
  8090 | D:7      | Found a transporter.
  8090 | D:7      | Noticed a toenail golem
  8094 | D:7      | Noticed ymhsbmbesitwf's ghost (novice MiGl)
  8100 | D:7      | Found a transporter.
  8254 | D:7      | Found a one-way gate to the infinite horrors of the Abyss.
  8480 | D:7      | Noticed a purple ugly thing
  8613 | D:8      | Found Boneerch's Antique Armour Boutique.
  8678 | D:8      | Found a flagged portal.
  8689 | Bailey   | Entered a bailey
  9159 | Bailey   | Noticed an orc knight
  9184 | Bailey   | Killed an orc knight
  9459 | Bailey   | Learned a level 3 spell: Confusing Touch
 10147 | D:8      | Found a snail-covered altar of Cheibriados.
 10195 | D:8      | Noticed ripuliukko's ghost (novice GrEE)
 10195 | D:8      | Noticed Joseph
 10445 | D:8      | Killed Joseph
 10487 | D:8      | Identified the +9 trident of Doudeos {venom, rElec rC+ rN+}
 10487 | D:8      | Identified the +1 kite shield "Couboem" {MP+9 Str+2}
 10576 | D:8      | Found a transporter.
 10576 | D:8      | Found a transporter.
 10686 | D:8      | Found an iron altar of Okawaru.
 10814 | D:9      | Found Idip Laa's Book Shoppe.
 10936 | D:9      | Reached skill level 13 in Summonings
 10941 | D:9      | Reached skill level 5 in Fighting
 11287 | D:9      | Noticed a purple ugly thing
 11296 | D:9      | Killed a purple ugly thing
 11361 | D:9      | Reached XP level 11. HP: 64/64 MP: 17/28
 11735 | D:10     | Entered Level 10 of the Dungeon
 11735 | D:10     | Found a transporter.
 11736 | D:10     | Noticed a death knight
 11906 | D:10     | Noticed Sonja
 11926 | D:10     | Killed Sonja
 12184 | D:10     | Noticed an orange crystal statue
 12199 | D:10     | Found a sparkling altar of Nemelex Xobeh.
 12299 | D:10     | Found Nupribb's Assorted Antiques.
 12384 | D:10     | Noticed Maurice
 12392 | D:10     | Killed Maurice
 12442 | D:10     | Noticed a deep troll
 12446 | D:10     | Found a transporter.
 12447 | D:10     | Noticed a centaur warrior
 12447 | D:10     | Noticed Xenoroth98's ghost (novice HOMo)
 12448 | D:10     | Noticed a two-headed ogre
 12448 | D:10     | a deep troll changed into a two-headed ogre
 12807 | D:10     | Noticed Josephine
 12823 | D:10     | Killed Josephine
 12829 | D:10     | Your ally Josephine died
 13265 | D:10     | Noticed a sea snake
 13271 | D:10     | Noticed a swamp dragon
 13300 | D:11     | Found a portal to a secret trove of treasure.
 13461 | D:11     | Found a staircase to the Lair.
 13520 | D:11     | Noticed a two-headed ogre
 13527 | D:11     | Killed a two-headed ogre
 13528 | D:11     | Reached skill level 10 in Dodging
 13541 | D:11     | Reached skill level 14 in Summonings
 13598 | D:10     | Noticed a steelbarb worm
 13598 | D:10     | a swamp dragon changed into a steelbarb worm
 13877 | D:10     | HP: 3/66 [poisoned by a killer bee]
 14849 | D:10     | Slain by a killer bee

Illustrated notes

Levels and vault maps discovered:
D:1:      spicycebolla_green_bress_n_ham, layout_rooms,
          ebering_ecumenical_altar_sacrificial, minmay_misc_feat_hallway
D:2:      layout_basic
D:3:      layout_loops_ring, minitemple
D:4:      layout_basic, minmay_temple_entry_grid
D:5:      kennysheep_big_flooded_room, layout_loops_ring, minmay_divided_ellipse
D:6:      layout_basic, serial_shops, shop, biasface_ghost_orc_armoury,
          uniq_prince_ribbit1, uniq_eustachio
D:7:      layout_rooms, gammafunk_ghost_abyssal_escape, serial_shops,
          nicolae_stop_n_shop_1, uniq_menkaure
D:8:      layout_basic, mainiacjoe_overflow_swirl, serial_shops, shop,
          enter_bailey_4, gammafunk_ghost_gnarly_gnolls,
          mumra_transporter_accident, uniq_joseph
D:9:      layout_irregular_city, serial_shops, nicolae_shop_trees
D:10:     layout_irregular_city, nemelex_diamond_rough_becter, serial_shops,
          nicolae_shop_overgrown_old_shop, nzn_ghost_randoct,
          minmay_statue_bubble, uniq_maurice, uniq_sonja, uniq_josephine
D:11:     layout_basic, lair_entry_dummy, nicolae_trove_entry_crossroad,
          special_room [special_room_bee], nicolae_ru_sacrificial_ziggurat

Skill      XL: |  1  2  3  4  5  6  7  8  9 10 11 |
---------------+----------------------------------+-----
Dodging        | 3 6 8 10 | 10.2
Stealth        | 3 |  3.0
Summonings     | 5 6 7 9 11 12 13 14 | 14.1
Spellcasting   | 4 5 6 7 9 10 11 | 11.9
Fighting       | 3 5 6 |  6.6

Action                   |  1- 3 |  4- 6 |  7- 9 | 10-12 || total
-------------------------+-------+-------+-------+-------++-------
Melee: Unarmed           |    27 |       |       |       ||    27
       Dagger            |    19 |     9 |    19 |       ||    47
       Punch             |     1 |       |       |       ||     1
       Battleaxe         |       |       |    11 |     7 ||    18
       Spear             |       |       |       |    21 ||    21
 Cast: Summon Small Mamm |    45 |    26 |    31 |    49 ||   151
       Call Canine Famil |     5 |    18 |    26 |    58 ||   107
       Call Imp          |     3 |     7 |    10 |    12 ||    32
       Summon Lightning  |       |       |    13 |    58 ||    71
       Summon Guardian G |       |       |     1 |     5 ||     6
       Slow              |       |       |       |     1 ||     1
  Use: Potion            |     2 |       |       |     1 ||     3
       Scroll            |       |       |       |    11 ||    11
 Stab: Sleeping          |     3 |     1 |     1 |     1 ||     6
       Distracted        |       |     1 |       |     1 ||     2
Armor: Robe              |    22 |     4 |    17 |       ||    43
       Leather armour    |       |       |     7 |    42 ||    49
Dodge: Dodged            |    67 |    22 |    60 |   153 ||   302
Block: Other             |       |       |    11 |    11 ||    22
       Buckler           |       |       |       |    69 ||    69
       Reflection        |       |       |       |     4 ||     4
